 Dungeon Crawl Stone Soup version 0.32-a0-607-g64ea0e4219 (webtiles) character file.

Game seed: 16779289471149770970

20 CrazyBamboolord the Trooper (level 2, -4/24 HPs)
             Began as a Demonspawn Wanderer on Mar 4, 2024.
             Slain by a quokka (5 damage)
             ... on level 1 of the Dungeon.
             The game lasted 00:01:27 (554 turns).

CrazyBamboolord the Trooper (Demonspawn Wanderer)    Turns: 554, Time: 00:01:29

Health: -4/24      AC:  2    Str: 13    XL:     2   Next: 58%
Magic:  3/3        EV: 11    Int: 13    God:
Gold:   56         SH:  0    Dex: 10    Spells: 2/3 levels left

rFire   . . .        a - +2 mace
rCold   . . .        (no shield)
rNeg    . . .        d - +0 robe
rPois   .            (no helmet)
rElec   .            (no cloak)
rCorr   .            (no gloves)
SInv    .            (no boots)
Will    .....        (no amulet)
Stlth   +            (no ring)
HPRegen 0.24/turn    (no ring)
MPRegen 0.08/turn

%: no passive effects
@: no status effects
A: powered by pain 1
a: no special abilities


You were on level 1 of the Dungeon.
You visited 1 branch of the dungeon, and saw 1 of its levels.

You collected 56 gold pieces.

Inventory:

Hand Weapons
 a - a +2 mace (weapon)
Armour
 d - a +0 robe (worn)
Wands
 b - a wand of polymorph (7)
Scrolls
 c - a scroll of blinking
Potions
 e - 3 potions of haste {unknown}
 f - a potion of resistance {unknown}
 g - a potion of ambrosia {unknown}


   Skills:
 * Level 3.3 Fighting
 * Level 2.9 Maces & Flails
 + Level 0.7 Armour
 * Level 0.8 Dodging
 - Level 1.0 Spellcasting
 - Level 1.7 Ice Magic
 - Level 1.0 Evocations


You had 2 spell levels left.
You knew the following spells:

 Your Spells              Type           Power      Damage    Failure   Level
a - Freeze                Ice            20%        1d4       14%         1

Your spell library contained the following spells:

 Spells                   Type           Power      Damage    Failure   Level
 Hailstorm                Conj/Ice       2%         3d5       52%         3


Dungeon Overview and Level Annotations

Branches:
Dungeon (1/15)

Altars:


Innate Abilities, Weirdness & Mutations

You sometimes gain a little power by taking damage.


Message History

You barely miss the rat.
The rat is heavily wounded.
The rat bites you.
* * * LOW HITPOINT WARNING * * *
You sock the rat!
You kill the rat!
You see here a frilled lizard corpse.
You open the door.
Things that are here:
a +2 heavy hand axe; 4 stones You now have 28 gold pieces (gained 16).
You now have 33 gold pieces (gained 5).
You now have 38 gold pieces (gained 5).
g - a fuming amethyst potion You now have 56 gold pieces (gained 18).
Found a short sword.
A hobgoblin comes into view.
The hobgoblin shouts!
You barely miss the hobgoblin.
A quokka comes into view.
The hobgoblin barely misses you. The hobgoblin hits you.
You hit the hobgoblin.
The hobgoblin is moderately wounded.
The hobgoblin hits you.
You closely miss the hobgoblin.
The hobgoblin is moderately wounded.
The hobgoblin hits you.
You hit the hobgoblin.
The hobgoblin is heavily wounded.
The hobgoblin hits you but does no damage.
The hobgoblin hits you.
* * * LOW HITPOINT WARNING * * *
You thump the hobgoblin!
You kill the hobgoblin!
The quokka bites you.
* * * LOW HITPOINT WARNING * * *
You completely miss the quokka. The quokka bites you.
* * * LOW HITPOINT WARNING * * *
You miss the quokka. The quokka bites you.
You die...

........#....................
######...###########.........
##......................
#.......................
#.......................
#..............#########
###########..).#
♣PßP♣P♣P♣##..###
......r@.....# #########
♣PßP♣P♣P♣##..###........ # #
#####.............
#......##........
##........########
+......#..#####
#.#.###.......# #.#.
#.......# # #. #.....).####


You could see a quokka.

Vanquished Creatures
  2 dart slugs (D:1)
  3 bats (D:1)
  An endoplasm (D:1)
  A goblin (D:1)
  A hobgoblin (D:1)
  2 kobolds (D:1)
  A ball python (D:1)
  3 frilled lizards (D:1)
  3 rats (D:1)
17 creatures vanquished.

Notes
Turn   | Place    | Note
-------+----------+-------------------------------------------
     0 | D:1      | CrazyBamboolord the Demonspawn Wanderer began the quest for
                  | the Orb.
     0 | D:1      | CrazyBamboolord set off with the following items: a +2
                  | mace, a wand of polymorph (7), a scroll of blinking, a +0
                  | robe; and the following spell memorised: Freeze; and the
                  | following spells available to memorise: Hailstorm.
     0 | D:1      | Reached XP level 1. HP: 18/18 MP: 2/2
   170 | D:1      | Gained mutation: You sometimes gain a little power by
                  | taking damage. [demonic ancestry]
   170 | D:1      | Reached XP level 2. HP: 21/24 MP: 3/3
   180 | D:1      | Found a faded altar of an unknown god.
   553 | D:1      | HP: 1/24 [quokka (2)]
   554 | D:1      | Slain by a quokka

Illustrated notes

Levels and vault maps discovered:
D:1:      psy_arrival_fountain, layout_basic,
          shapermc_ecumenical_altar_mp_vishouse, corexii_leaking_fountain,
          solitary_fountain, dreamdust_princess_corridor

Action                     || total
---------------------------++-------
  Melee: Mace              ||    50
   Stab: Sleeping          ||     1
 Armour: Robe              ||    57
  Dodge: Dodged            ||    41

Table legend: (Time is in decaauts)
 A = Elapsed time spent in this place.
 B = Non-inter-level travel time spent in this place.
 C = Inter-level travel time spent in this place.
 D = Time resting spent in this place.
 E = Time spent auto-exploring this place.
 F = Levels seen in this place.
 G = Mean time per level.
                   A        B        C        D        E       F      G
               +--------+--------+--------+--------+--------+-----+--------+
         Total |    566 |    534 |     32 |      0 |    408 |   1 |  566.0 |
       Dungeon |    566 |    534 |     32 |      0 |    408 |   1 |  566.0 |
               +--------+--------+--------+--------+--------+-----+--------+

Top non-repeatable levels by time:
     D:1: 566 daAuts
